 Seeded DCSS version 0.29-a0-284-gf9362112df (webtiles) character file.

Game seed: 20220331 (custom seed)

14 yunder69 the Caller (level 2, -5/19 HPs)
             Began as a Barachi Summoner on Mar 31, 2022.
             Slain by a kobold
             ... wielding a +0 quarterstaff
              (7 damage)
             ... on level 1 of the Dungeon.
             The game lasted 00:05:19 (676 turns).

yunder69 the Caller (Barachi Summoner)               Turns: 676, Time: 00:05:19

Health: -5/19      AC:  3    Str:  9    XL:     2   Next: 41%
Magic:  5/5        EV: 11    Int: 15    God:
Gold:   0          SH:  0    Dex: 12    Spells: 4/5 levels left

rFire   . . .      SeeInvis .   e - +0 club
rCold   . . .      Faith    .   (no shield)
rNeg    . . .      Spirit   .   c - +0 leather armour
rPois   .          Reflect  .   (no helmet)
rElec   .          Harm     .   (no cloak)
rCorr   .          Rampage  .   (no gloves)
Will    .....                   (no boots)
Stlth   ++........              (no amulet)
HPRegen 0.06/turn               (no ring)
MPRegen 0.09/turn               (no ring)

@: slow
A: amphibious, slowness 1, strong legs 1, +LOS
a: Hop


You were on level 1 of the Dungeon.
You visited 1 branch of the dungeon, and saw 2 of its levels.

Inventory:

Hand Weapons
 a - a +0 dagger
 e - a +0 club (weapon)
Missiles
 f - 5 stones
Armour
 c - a +0 leather armour (worn)
Scrolls
 g - 2 scrolls of holy word {unknown}
Potions
 b - a potion of magic
 d - a potion of flight {unknown}


   Skills:
 + Level 2.5 Dodging
 + Level 2.1 Stealth
 + Level 2.4 Spellcasting
 + Level 5.0 Summonings


You had 4 spell levels left.
You knew the following spells:

 Your Spells              Type           Power      Damage    Failure   Level
a - Summon Small Mammal   Summ           64%        N/A       3%          1

Your spell library contained the following spells:

 Spells                   Type           Power      Damage    Failure   Level
 Call Imp                 Summ           16%        N/A       6%          2
 Call Canine Familiar     Summ           16%        N/A       12%         3
 Summon Guardian Golem    Hex/Summ       9%         N/A       32%         3
 Summon Lightning Spire   Summ/Air       9%         N/A       71%         4


Dungeon Overview and Level Annotations

Branches:
Dungeon (2/15)

Altars:


Innate Abilities, Weirdness & Mutations

You are amphibious.
You cover ground slowly.
You can hop short distances.
You have an extended range of vision and can be seen from far away.


Message History

Your rat's corpse disappears in a puff of smoke!
There is an open door here.
You close the door.
A kobold breaks down the door.
Casting: Summon Small Mammal (safe; 3% risk of failure)
Confirm with . or Enter, or press ? or * to list all spells.
The ball python barely misses you. x2
You closely miss the ball python. The ball python closely misses you.
The ball python barely misses you.
Your quokka bites the ball python.
The ball python dies!
It's broken and can't be closed.
Your quokka bites the kobold.
The kobold hits your quokka with a +0 quarterstaff.
Your quokka bites the kobold but does no damage.
The kobold hits you with a +0 quarterstaff!
There is a broken door here.
You closely miss the kobold.
The kobold is moderately wounded.
Your quokka bites the kobold.
The kobold hits your quokka with a +0 quarterstaff!
Your quokka dies!
Your quokka's corpse disappears in a puff of smoke!
The kobold shouts!
You closely miss the kobold.
The kobold is severely wounded.
The kobold barely misses you.
You closely miss the kobold.
The kobold is severely wounded.
The kobold closely misses you.
The kobold hits you with a +0 quarterstaff!
* * * LOW HITPOINT WARNING * * *
You hit the kobold but do no damage.
The kobold is severely wounded.
The kobold barely misses you.
You hit the kobold but do no damage.
The kobold is severely wounded.
The kobold barely misses you.
You closely miss the kobold.
The kobold is severely wounded.
The kobold hits you with a +0 quarterstaff!
You die...

#≈#♣♣..≈..♣♣#≈#...
#≈#P♣.≈≈≈.♣P#≈#...
#≈#<..≈8≈.(>#≈#...
#≈#P♣.≈≈≈(♣P#≈#...
#≈#♣♣..≈..♣♣#≈#...
#..♣..♣.♣..♣..#.[.
#.............#...
#.#.#♣♣♣♣♣#.#.#...
#.#####@###########+##..
#[.....K........##..##..
#####(####....#.##.###..
............#.##>###†.
....##.#......[.†.....
#.... #.#..............
#... # #..............
#... #.##)##.##..... ###
#.##.##.##.#...


You could see a kobold.

Vanquished Creatures
  An endoplasm (D:1)
  A ball python (D:1)
  2 rats (D:1)
4 creatures vanquished.

Vanquished Creatures (collateral kills)
  A dart slug (D:1)
  A ball python (D:1)
  A goblin (D:1)
  A hobgoblin (D:1)
  2 kobolds
  A frilled lizard (D:1)
  A rat (D:1)
8 creatures vanquished.

Grand Total: 12 creatures vanquished

Notes
Turn   | Place    | Note
-------+----------+-------------------------------------------
     0 | D:1      | yunder69 the Barachi Summoner began the quest for the Orb.
     0 | D:1      | Reached XP level 1. HP: 13/13 MP: 3/3
   245 | D:1      | Reached XP level 2. HP: 9/19 MP: 3/5
   523 | D:1      | Reached skill level 5 in Summonings
   676 | D:1      | Slain by a kobold

Illustrated notes

Levels and vault maps discovered:
D:1:      tarquinn_simple_flora_water_b, layout_loops_cross,
          hellmonk_ecumenical_altar_lost_god
D:2:      layout_loops_ring, kennysheep_generic_room_9

Skill      XL: |  1  2 |
---------------+-------+-----
Stealth        | 2 |  2.1
Summonings     | 5 |  5.0
Dodging        | |  2.5
Spellcasting   | |  2.4

Action                   || total
-------------------------++-------
Melee: Unarmed           ||    16
       Club              ||    24
 Cast: Summon Small Mamm ||    12
Armor: Leather armour    ||    10
Dodge: Dodged            ||    38

Table legend: (Time is in decaauts)
 A = Elapsed time spent in this place.
 B = Non-inter-level travel time spent in this place.
 C = Inter-level travel time spent in this place.
 D = Time resting spent in this place.
 E = Time spent auto-exploring this place.
 F = Levels seen in this place.
 G = Mean time per level.
                   A        B        C        D        E       F      G
               +--------+--------+--------+--------+--------+-----+--------+
         Total |    742 |    559 |    183 |    257 |      0 |   2 |  371.0 |
       Dungeon |    742 |    559 |    183 |    257 |      0 |   2 |  371.0 |
               +--------+--------+--------+--------+--------+-----+--------+

Top non-repeatable levels by time:
     D:1: 723 daAuts
     D:2: 18 daAuts
